 Dungeon Crawl Stone Soup version 0.28.0 (webtiles) character file.

Game seed: 9484576786180918358

221 HallandMoats the Ruffian (level 5, -5/53 HPs)
             Began as a Troll Monk on Feb 7, 2022.
             Was a Priest of Makhleb.
             Killed by divine providence
             ... invoked by a smoke demon
             ... summoned by the player character
              (13 damage)
             ... on level 3 of the Dungeon.
             The game lasted 00:03:14 (1914 turns).

HallandMoats the Ruffian (Troll Monk)               Turns: 1914, Time: 00:03:14

Health: -5/53      AC:  4    Str: 19    XL:     5   Next: 65%
Magic:  4/4        EV: 10    Int:  6    God:    Makhleb [***...]
Gold:   120        SH:  0    Dex: 14    Spells: 4/4 levels left

rFire   . . .      SeeInvis .     - Unarmed
rCold   . . .      Faith    .   (no shield)
rNeg    . . .      Spirit   .   a - +0 robe
rPois   .          Reflect  .   (helmet restricted)
rElec   .          Harm     .   (no cloak)
rCorr   .          Rampage  .   (gloves unavailable)
Will    .....                   (boots unavailable)
Stlth   ++........              (no amulet)
HPRegen 0.97/turn               (no ring)
MPRegen 0.09/turn               (no ring)

@: about to teleport
A: large, unfitting armour, claws 3, regeneration 1, shaggy fur 1, tough skin 1
a: Renounce Religion, Minor Destruction, Lesser Servant of Makhleb


You were on level 3 of the Dungeon.
You worshipped Makhleb.
Makhleb was most pleased with you.
You visited 1 branch of the dungeon, and saw 3 of its levels.

You collected 120 gold pieces.

Inventory:

Armour
 a - a +0 robe (worn)
Scrolls
 b - a scroll of amnesia
 e - a scroll of noise
 f - a scroll of fog
 j - a scroll of identify
 l - a scroll of holy word {unknown}
Potions
 c - 2 potions of brilliance {unknown}
 d - a potion of curing {unknown}
 g - 2 potions of haste {unknown}
 i - a potion of cancellation {unknown}
 k - a potion of attraction {unknown}


   Skills:
 * Level 3.6 Fighting
 + Level 1.5 Armour
 + Level 3.0 Dodging
 - Level 1.0 Stealth
 * Level 4.4 Unarmed Combat
 * Level 0.0 Invocations


You had 4 spell levels left.
You didn't know any spells.
Your spell library contained the following spells:

 Spells                   Type           Power      Damage    Failure   Level
 Beastly Appendage        Tmut           0%         N/A       45%         1
 Sandblast                Erth           0%         2d4       45%         1
 Passwall                 Tmut/Erth      0%         N/A       58%         2
 Wereblood                Tmut           0%         N/A       58%         2
 Portal Projectile        Hex/Tloc       0%         N/A       83%         3
 Spider Form              Tmut/Pois      0%         N/A       83%         3
 Stone Arrow              Conj/Erth      0%         3d7       83%         3
 Blade Hands              Tmut           0%         N/A       100%        5
 Excruciating Wounds      Necr           0%         N/A       100%        5


Dungeon Overview and Level Annotations

Branches:
Dungeon (3/15)

Altars:
Makhleb

Shops:
D:1 *


Innate Abilities, Weirdness & Mutations

You are too large for most types of armour.
You have claws for hands.
Your natural rate of healing is unusually fast.
You are covered in fur. (AC +1)
You have tough skin. (AC +1)


Message History

l - a scroll labelled WIAS URETEGOOB
Things that are here:
a +0 club; a +0 robe; the human corpse of Jessica An ogre comes into view.
It is wielding a +0 giant club.
An ogre is nearby!
An ogre is nearby!
Okay, then.
Unknown command.
A demon appears!
It doesn't seem very happy.
The smoke demon gestures at you. The sticky flame hits you.
You are covered in liquid flames!
You are covered in liquid flames!
You are covered in liquid flames!
You are covered in liquid flames!
You are no longer on fire.
As you read the scroll labelled QAIJOCHASMI, it crumbles to dust.
You hear a loud clanging noise!
It was a scroll of noise.
You hear a shout!
The smoke demon gestures at you. Makhleb smites you!
The smoke demon gestures at you. Makhleb smites you!
As you read the scroll labelled JEOCHO BEYTZOM, it crumbles to dust.
The scroll dissolves into smoke.
It was a scroll of fog.
The smoke demon gestures at you. The ball of steam misses you.
As you read the scroll labelled YBRADI FINTE, it crumbles to dust.
It is a scroll of identify.
b - a scroll of amnesia The smoke demon gestures at you.
Makhleb smites you!
* * * LOW HITPOINT WARNING * * *
As you read the scroll labelled QOAMIR XUEXKEU, it crumbles to dust.
You feel strangely unstable.
It was a scroll of teleportation.
The smoke demon gestures at you. Makhleb smites you!
You die...

#.# #.# #.# #.##### #.# #.# #g#
#...... ####.# #.# #.# ##..#.##
..##.# #.# #.# #......[
#.##.######.#####.########.######
#...............#..........##...#
#####.#####..#§§§#########.#.....
#.# ##.#.§§### #.#..... #####.#
#..§§@§.#### #.#..... #...#.#
#..§§§§§3O.# #.##...# †.#.#.#
#..§§§..##.# #.###.## #...#.#
###...####.####....... ##.##.#
#...# #..O.O.......# #.##.# ##.##
#..#####.###.# #.##.# ####.# #..#
##.# #.# ##.##.# #....# #..# #..#
#.# ....#.######.#######..# #.##
#.#


You could see a smoke demon (summoned) and an ogre.

Vanquished Creatures
  A hound (D:3)
  Jessica (D:3)
  An orc wizard (D:3)
  4 adders (D:2)
  An adder skeleton (D:2)
  4 dart slugs
  4 orcs (D:3)
  5 ball pythons
  4 endoplasms
  5 giant cockroaches
  8 goblins
  12 hobgoblins
  6 jackals
  7 kobolds
  6 quokkas
  6 bats
  3 frilled lizards
  7 rats
85 creatures vanquished.

Notes
Turn   | Place    | Note
-------+----------+-------------------------------------------
     0 | D:1      | HallandMoats the Troll Monk began the quest for the Orb.
     0 | D:1      | Reached XP level 1. HP: 22/22 MP: 0/0
    77 | D:1      | Reached XP level 2. HP: 29/29 MP: 1/1
   375 | D:1      | Reached XP level 3. HP: 35/36 MP: 2/2
   393 | D:1      | Found Cucec's General Store.
   621 | D:2      | Reached skill level 1 in Armour
   625 | D:2      | Reached XP level 4. HP: 19/45 MP: 3/3
   894 | D:2      | Found a faded altar of an unknown god.
   943 | D:2      | Prayed at the altar of an unknown god.
   943 | D:2      | Became a worshipper of Makhleb the Destroyer
   943 | D:2      | Reached * piety under Makhleb
   943 | D:2      | Reached ** piety under Makhleb
  1264 | D:3      | Reached skill level 4 in Unarmed Combat
  1271 | D:3      | Reached *** piety under Makhleb
  1309 | D:3      | Reached XP level 5. HP: 53/53 MP: 4/4
  1852 | D:3      | Noticed Jessica
  1857 | D:3      | Killed Jessica
  1893 | D:3      | Noticed an ogre
  1903 | D:3      | Noticed a smoke demon
  1914 | D:3      | Killed from afar by a smoke demon

Illustrated notes

Levels and vault maps discovered:
D:1:      nzn_arrival_depleted_hourglass, layout_basic, serial_shops, shop
D:2:      kennysheep_big_flooded_room, layout_basic,
          nicolae_ecumenical_lake_church, st_stairs_8,
          small_statue_intersection, minmay_fractal_squares_gapless_5
D:3:      layout_loops_ring, minmay_misc_feat_enclosed, uniq_jessica

Skill      XL: |  1  2  3  4  5 |
---------------+----------------+-----
Fighting       | 3 |  3.6
Armour         | 1 |  1.5
Unarmed Combat | 4 |  4.4
Dodging        | 3 |  3.0
Stealth        | |  1.0

Action                   |  1- 3 |  4- 6 || total
-------------------------+-------+-------++-------
Melee: Unarmed           |    88 |   119 ||   207
       Punch             |     1 |     1 ||     2
Invok: Lesser Servant of |       |     1 ||     1
  Use: Scroll            |       |     4 ||     4
 Stab: Sleeping          |       |     6 ||     6
Armor: Robe              |    34 |    49 ||    83
Dodge: Dodged            |    51 |    54 ||   105
